[Event "November 21 Early 2023"]
[Site "https://www.chess.com"]
[Date "2023.11.21"]
[Round "5"]
[White "rikchessmx"]
[Black "Ismayil, Malak"]
[Result "1-0"]
[Board "171"]
[TimeControl "180+1"]
[BlackFideId "13412604"]
[WhiteElo "2319"]
[BlackElo "1898"]
[BlackTeam "AZE"]
[WhiteClock "0:00:16"]
[BlackClock "0:00:03"]

1. e4 e5 2. Nf3 Nc6 3. Bb5 a6 4. Ba4 Nf6 5. O-O b5 6. Bb3 Be7 7. Re1 O-O 8. a4 b4 9. d3 d6 10. a5 h6 11. Nbd2 Re8 12. h3 Bf8 13. Nc4 g6 14. Bd2 Rb8 15. Ba4 Bd7 16. Qc1 Kh7 17. Nh2 Bg7 18. Rf1 Nd4 19. Kh1 Qc8 20. Bxd7 Qxd7 21. b3 d5 22. exd5 Nxd5 23. Ra2 Qf5 24. Ng4 h5 25. Nge3 Qe6 26. Nxd5 Qxd5 27. f3 Nf5 28. Qe1 h4 29. Ne3 Qd8 30. Nxf5 gxf5 31. Bxb4 Rg8 32. Bc3 Qg5 33. Rg1 Rbe8 34. Bd2 Qh5 35. Qf2 Bf6 36. Ra4 Rg3 37. Rc4 Re7 38. Be1 f4 39. Qe2 Rg6 40. Rc6 Kg7 41. Qe4 Bg5 42. Rxg6+ Qxg6 43. Qxg6+ Kxg6 44. Bc3 f5 45. Re1 Bf6 46. Kg1 Re6 47. Kf2 Rc6 48. Bxe5 Rxc2+ 49. Kf1 Rd2 50. Bxf6 Kxf6 51. Rc1 Rxd3 52. Rc6+ Kg5 53. Rxa6 Rxb3 54. Ra7 Ra3 55. Rxc7 Rxa5 56. Rg7+ Kf6 57. Rg8 Ke5 58. Kg1 Kd4 59. Kh2 Ke3 60. Rh8 Kf2 61. Rxh4 Ra4 62. Rh5 Kf1 63. Rxf5 Ra2 64. Rg5 Kf2 65. h4 Ra6 66. h5 Rh6 67. Kh3 Ke3 68. Kh4 Kd4 69. Kg4 Ke3 70. Rg6 Rh7 71. h6 1-0

[Event "November 21 Early 2023"]
[Site "https://www.chess.com"]
[Date "2023.11.21"]
[Round "5"]
[White "Nilsen, Tobias Lang"]
[Black "Vlasova, Nataliya"]
[Result "1-0"]
[Board "172"]
[TimeControl "180+1"]
[WhiteFideId "1521624"]
[BlackFideId "4122682"]
[WhiteElo "2221"]
[BlackElo "1939"]
[WhiteTeam "NOR"]
[BlackTeam "RUS"]
[WhiteClock "0:01:12"]
[BlackClock "0:00:02"]

1. d4 Nf6 2. Nc3 d5 3. Bf4 e6 4. e3 Bb4 5. Ne2 c5 6. a3 cxd4 7. axb4 dxc3 8. Nxc3 Bd7 9. Bd3 Qb6 10. b5 O-O 11. g4 e5 12. Bxe5 Nxg4 13. Bd4 Qd6 14. h3 Ne5 15. Bxh7+ Kxh7 16. Qh5+ Kg8 17. Bxe5 Qe6 18. Rg1 f6 19. Bd4 Qxh3 20. Qxd5+ Be6 21. Qxb7 Nd7 22. Nd5 Rab8 23. Qc6 Kf7 24. Rxa7 Rfc8 25. Rxd7+ Bxd7 26. Rxg7+ Ke8 27. Re7+ Kd8 28. Qxf6 Qh1+ 29. Kd2 Rxc2+ 30. Kxc2 Rc8+ 31. Nc3 Qf1 32. Bb6+ Rc7 33. Qf8+ Be8 34. Qxe8# 1-0

[Event "November 21 Early 2023"]
[Site "https://www.chess.com"]
[Date "2023.11.21"]
[Round "5"]
[White "Rian, Kapriaga"]
[Black "BM223344"]
[Result "0-1"]
[Board "173"]
[TimeControl "180+1"]
[WhiteFideId "7103263"]
[WhiteElo "2304"]
[BlackElo "2480"]
[WhiteTeam "INA"]
[WhiteClock "0:00:00"]
[BlackClock "0:00:55"]

1. d4 Nf6 2. e3 g6 3. Nf3 d6 4. b3 Bg7 5. Bb2 Nbd7 6. Nbd2 O-O 7. Be2 c6 8. O-O Qc7 9. a4 Rd8 10. a5 e5 11. c4 exd4 12. Nxd4 d5 13. Qc2 Qb8 14. Rfd1 Nf8 15. Bf3 c5 16. Nb5 Bf5 17. Qc1 a6 18. Nc3 d4 19. exd4 cxd4 20. Na4 Qc7 21. Nb6 Rab8 22. h3 h5 23. Nf1 Be4 24. Bxd4 Bxf3 25. gxf3 Rxd4 26. Rxd4 N6h7 27. Rd3 Bxa1 28. Qxa1 Ng5 29. Kg2 Nfe6 30. Nd5 Nf4+ 31. Nxf4 Qxf4 32. Qd4 Ne6 33. Qd6 Rd8 34. Qxd8+ Nxd8 35. Rxd8+ Kg7 36. Rd5 Qc1 37. Rd7 Qg5+ 38. Kh2 Qf5 39. Rd5 Qxf3 40. Kg1 Qxb3 41. Ne3 Qb1+ 42. Kg2 Qe4+ 43. Kg1 f5 44. Rd6 f4 45. Nd5 Qxc4 46. Rd7+ Kh6 47. Ne7 f3 0-1

[Event "November 21 Early 2023"]
[Site "https://www.chess.com"]
[Date "2023.11.21"]
[Round "5"]
[White "Zampronha, Wladimir Camilo"]
[Black "Jamal-Jamal-Jamal"]
[Result "1-0"]
[Board "174"]
[TimeControl "180+1"]
[WhiteFideId "2103087"]
[WhiteElo "2055"]
[BlackElo "2468"]
[WhiteTeam "BRA"]
[WhiteClock "0:00:03"]
[BlackClock "0:00:16"]

1. e4 e6 2. d4 d5 3. Nc3 Bb4 4. e5 c5 5. a3 Bxc3+ 6. bxc3 Ne7 7. Qg4 cxd4 8. Qxg7 Rg8 9. Qxh7 Qc7 10. Ne2 dxc3 11. f4 Nbc6 12. Qd3 d4 13. Nxd4 Nxd4 14. Qxd4 Bd7 15. Qf2 Bc6 16. Rg1 Rd8 17. Bd3 Qa5 18. Be3 Nf5 19. Bxa7 Qd5 20. g3 Nh6 21. Qc5 Qf3 22. Qf2 Qd5 23. Qc5 Ng4 24. Qxd5 Bxd5 25. h4 Nh2 26. Kf2 Nf3 27. Rgd1 Ra8 28. Bc5 Kd7 29. Be2 Nxh4 30. gxh4 Rg2+ 31. Ke3 Rag8 32. Rf1 R8g3+ 33. Bf3 Rxc2 34. Rad1 Rd2 35. Rc1 Ra2 36. Bd4 Rh2 37. Rxc3 Rxh4 38. Kf2 Rhh3 39. Bxd5 Rxc3 40. Bxc3 Rxc3 41. Bxb7 Rxa3 42. Bf3 Ra2+ 43. Kg3 Ra3 44. Rd1+ Ke7 45. Rb1 Ra7 46. Rb7+ Rxb7 47. Bxb7 Kd7 48. Kg4 Ke7 49. Kg5 Kd7 50. Ba6 Ke7 51. Bb5 Kf8 52. Kf6 Kg8 53. Bd7 Kf8 54. Bxe6 fxe6 55. Kxe6 Ke8 56. Kf6 Kf8 57. e6 Ke8 58. e7 Kd7 59. Kf7 Kd6 60. e8=Q Kd5 61. f5 Kd4 62. f6 Kd3 63. Kg6 Kd2 64. f7 Kd1 65. f8=Q Kc1 66. Qd6 Kb1 67. Qeb8+ Ka1 68. Qa6# 1-0

[Event "November 21 Early 2023"]
[Site "https://www.chess.com"]
[Date "2023.11.21"]
[Round "5"]
[White "Reprintsev, Alexander"]
[Black "AndresDelgado77"]
[Result "0-1"]
[Board "175"]
[TimeControl "180+1"]
[WhiteFideId "14100541"]
[WhiteElo "2229"]
[BlackElo "2297"]
[WhiteTeam "UKR"]
[WhiteClock "0:00:04"]
[BlackClock "0:00:19"]

1. e4 e6 2. d4 d5 3. Nc3 Nf6 4. Bg5 Bb4 5. e5 h6 6. exf6 hxg5 7. fxg7 Rg8 8. a3 Bxc3+ 9. bxc3 Qf6 10. h4 gxh4 11. Qh5 c5 12. Nf3 Bd7 13. Qxh4 Qxg7 14. Rb1 b6 15. Ne5 Nc6 16. Nxd7 Kxd7 17. Bb5 a6 18. Bxc6+ Kxc6 19. Rg1 Qg5 20. Qxg5 Rxg5 21. Kd2 Rag8 22. g3 Rf5 23. f4 Rh5 24. Rg2 Rg4 25. Rf1 f5 26. Ke3 Rh8 27. Kf3 Kb5 28. Re1 Rh6 29. Re3 Kc4 30. Kf2 cxd4 31. cxd4 Kxd4 32. a4 Rh3 33. Rxe6 b5 34. axb5 axb5 35. Re5 Rh5 36. Kf3 Rg8 37. Rd2+ Kc3 38. Rdxd5 Rh3 39. Rxf5 Rgxg3+ 40. Ke4 Re3# 0-1

[Event "November 21 Early 2023"]
[Site "https://www.chess.com"]
[Date "2023.11.21"]
[Round "5"]
[White "HeroWilczek"]
[Black "Pumpkin_in_moonlight"]
[Result "0-1"]
[Board "176"]
[TimeControl "180+1"]
[WhiteElo "2463"]
[BlackElo "2291"]
[WhiteClock "0:00:28"]
[BlackClock "0:00:17"]

1. Nf3 Nf6 2. b3 d6 3. Bb2 e5 4. g3 Be7 5. c4 Nc6 6. Bg2 h6 7. O-O Bf5 8. d4 exd4 9. Nxd4 Nxd4 10. Qxd4 Rb8 11. e4 Bh7 12. Nc3 c5 13. Qd2 O-O 14. Rad1 Qc8 15. Rfe1 Rd8 16. Nb5 a6 17. Bxf6 Bxf6 18. Nxd6 Qe6 19. e5 Bxe5 20. Rxe5 Qxe5 21. Qd5 Qxd5 22. Rxd5 b6 23. f4 Rd7 24. Bh3 Re7 25. Bf5 Bxf5 26. Nxf5 Re2 27. a4 Rbe8 28. Rd6 Rb2 29. Rxb6 Re1# 0-1

[Event "November 21 Early 2023"]
[Site "https://www.chess.com"]
[Date "2023.11.21"]
[Round "5"]
[White "Cardozo Munar, Carlos Eduardo"]
[Black "Babikov, Ivan"]
[Result "1-0"]
[Board "177"]
[TimeControl "180+1"]
[WhiteFideId "4409477"]
[BlackFideId "4161106"]
[WhiteElo "2067"]
[BlackElo "1986"]
[WhiteTeam "COL"]
[BlackTeam "RUS"]
[WhiteClock "0:01:46"]
[BlackClock "0:00:07"]

1. d4 d5 2. c3 c5 3. g3 Nc6 4. dxc5 e5 5. Bg2 Be6 6. Nd2 Bxc5 7. e4 dxe4 8. Bxe4 Nf6 9. Bg2 Qb6 10. Qe2 O-O-O 11. Ngf3 e4 12. Ng5 e3 13. fxe3 Bxe3 14. Nxe6 fxe6 15. Nc4 Bf2+ 16. Qxf2 Qb5 17. b3 Ng4 18. Qe2 Qh5 19. h3 1-0

[Event "November 21 Early 2023"]
[Site "https://www.chess.com"]
[Date "2023.11.21"]
[Round "5"]
[White "Manukyan, Sargis V."]
[Black "Nekoo04"]
[Result "1-0"]
[Board "178"]
[TimeControl "180+1"]
[WhiteFideId "13303465"]
[WhiteElo "2236"]
[BlackElo "2283"]
[WhiteTeam "ARM"]
[WhiteClock "0:00:08"]
[BlackClock "0:00:00"]

1. Nf3 d5 2. c4 e6 3. g3 Nf6 4. Bg2 Be7 5. O-O O-O 6. b3 c5 7. Bb2 Nc6 8. cxd5 Nxd5 9. d4 cxd4 10. Nxd4 Nxd4 11. Bxd4 Bd7 12. Nc3 Bc6 13. Rc1 Rc8 14. Nxd5 exd5 15. Qd3 Ba3 16. Rcd1 a6 17. Ba1 Qe7 18. Bxd5 Bxd5 19. Qd4 Qg5 20. Qxd5 Qxd5 21. Rxd5 Rc2 22. Rd7 b5 23. Ra7 Rxe2 24. Rxa6 Bc5 25. Ra5 Rb8 26. a4 h5 27. Rxb5 Rxb5 28. axb5 Bb6 29. Kg2 h4 30. gxh4 Re4 31. h5 Rb4 32. Rb1 Rxb5 33. h6 gxh6 34. Bf6 Kh7 35. h3 Rf5 36. Bh4 Kg6 37. Bg3 h5 38. b4 Rb5 39. Bf4 1-0

[Event "November 21 Early 2023"]
[Site "https://www.chess.com"]
[Date "2023.11.21"]
[Round "5"]
[White "Bychkov, Vladimir"]
[Black "Nissinen, Niilo Man"]
[Result "1-0"]
[Board "179"]
[TimeControl "180+1"]
[WhiteFideId "24151513"]
[BlackFideId "30950767"]
[WhiteElo "2224"]
[BlackElo "1854"]
[WhiteTeam "RUS"]
[BlackTeam "HKG"]
[WhiteClock "0:00:59"]
[BlackClock "0:00:00"]

1. d4 Nf6 2. c4 e6 3. Nf3 b6 4. a3 Bb7 5. Nc3 d5 6. cxd5 Nxd5 7. e3 Be7 8. Bb5+ c6 9. Bd3 O-O 10. h4 Nxc3 11. bxc3 c5 12. h5 h6 13. e4 Ba6 14. Bxa6 Nxa6 15. Rh3 cxd4 16. cxd4 Qc7 17. Rg3 Kh8 18. Bb2 Qf4 19. Qe2 b5 20. Bc1 Qc7 21. Kf1 Qc3 22. Bb2 Qc7 23. Qe3 Rac8 24. Kg1 Qc2 25. Bc1 Qc3 26. Rb1 Qxe3 27. Bxe3 b4 28. axb4 Nxb4 29. Ne5 Rb8 30. Nd7 a6 31. Nxb8 Rxb8 32. d5 Bd6 33. Rf3 e5 34. Rxf7 a5 35. Rd7 Bf8 36. Ra7 Rc8 37. Rxa5 Nc2 38. Rc1 1-0

[Event "November 21 Early 2023"]
[Site "https://www.chess.com"]
[Date "2023.11.21"]
[Round "5"]
[White "Rutten, Alexander"]
[Black "topce"]
[Result "0-1"]
[Board "180"]
[TimeControl "180+1"]
[WhiteFideId "1052063"]
[WhiteElo "2124"]
[BlackElo "2435"]
[WhiteTeam "NED"]
[WhiteClock "0:00:13"]
[BlackClock "0:00:13"]

1. e4 c5 2. Nf3 Nc6 3. Bb5 Nf6 4. d3 Qa5+ 5. Nc3 Nd4 6. Bc4 b5 7. Bb3 e6 8. O-O Nxb3 9. cxb3 Bb7 10. Be3 d6 11. Qd2 b4 12. Nd1 Qd8 13. Qc2 Be7 14. Bd2 a5 15. Ne3 O-O 16. g3 Rc8 17. Ng2 d5 18. Rfe1 c4 19. bxc4 dxc4 20. dxc4 Qc7 21. Bf4 Qxc4 22. Qxc4 Rxc4 23. Nd2 Rc2 24. b3 e5 25. Be3 Rfc8 26. f3 Ba6 27. Nf1 h6 28. Nh4 Nh7 29. Nf5 Bf8 30. Rec1 Be2 31. Rxc2 Rxc2 32. Nd2 Ng5 33. Kf2 Bd3 34. h4 Ne6 35. Ke1 h5 36. Kd1 g6 37. Nh6+ Kg7 38. g4 Nd4 39. gxh5 Be7 40. hxg6 fxg6 41. Ng4 Bd6 42. Rc1 Be2+ 43. Ke1 Rxc1+ 44. Kf2 Rc2 45. Nc4 Bxc4+ 46. Kg3 Bxb3 47. axb3 Nxb3 48. h5 gxh5 49. Nh6 Nd2 50. Nf5+ Kf6 51. Nxd6 Nf1+ 52. Kh4 Nxe3 53. Ne8+ Ke7 54. Ng7 Kf6 55. Nxh5+ Ke6 56. Ng7+ Kd6 57. Ne8+ Ke7 58. Nc7 b3 59. Nd5+ Nxd5 60. exd5 Kd6 0-1

[Event "November 21 Early 2023"]
[Site "https://www.chess.com"]
[Date "2023.11.21"]
[Round "5"]
[White "Alhadad, Mahmoud"]
[Black "Bashirli, Saadat"]
[Result "0-1"]
[Board "181"]
[TimeControl "180+1"]
[WhiteFideId "11501863"]
[BlackFideId "13429990"]
[WhiteElo "1955"]
[BlackElo "1537"]
[WhiteTeam "PLE"]
[BlackTeam "AZE"]
[WhiteClock "0:00:00"]
[BlackClock "0:00:14"]

1. e4 c6 2. d4 d5 3. exd5 cxd5 4. Bd3 Nf6 5. c3 Qc7 6. Ne2 e6 7. Bf4 Bd6 8. Bxd6 Qxd6 9. O-O O-O 10. Nd2 Nc6 11. f4 Bd7 12. Ng3 Ne7 13. Nh5 Nxh5 14. Qxh5 Ng6 15. Bxg6 fxg6 16. Qh4 Rf6 17. Rf3 Raf8 18. Raf1 Bb5 19. R1f2 Rf5 20. g4 Rxf4 21. Qg3 g5 22. h4 h6 23. hxg5 hxg5 24. Rxf4 Rxf4 25. Nf3 Qe7 26. Rh2 Qf6 27. Rf2 Be2 28. Ne5 Rxf2 29. Qxf2 Bb5 30. Kg2 Kf8 31. Ng6+ Ke8 32. Ne5 Ke7 33. Kg3 Be8 34. Qe3 Qh6 35. Nf3 Bg6 36. Qxg5+ Qxg5 37. Nxg5 Bb1 38. a3 Kf6 39. Kf4 Bc2 40. Nf3 Be4 41. g5+ Ke7 42. Ne5 a6 43. g6 Kf6 44. Nd7+ Kxg6 45. Nc5 Bg2 46. Nxe6 Kf6 47. Nd8 b6 48. Nc6 g5+ 49. Kg3 Bf1 50. Nb4 Ke6 51. Kf2 Bc4 0-1

[Event "November 21 Early 2023"]
[Site "https://www.chess.com"]
[Date "2023.11.21"]
[Round "5"]
[White "Kovalevsky, Stanislav"]
[Black "Andersson, Bjorn 1971"]
[Result "1-0"]
[Board "182"]
[TimeControl "180+1"]
[WhiteFideId "13508598"]
[BlackFideId "1702114"]
[WhiteElo "2092"]
[BlackElo "2172"]
[WhiteTeam "FID"]
[BlackTeam "SWE"]
[WhiteClock "0:00:09"]
[BlackClock "0:01:02"]

1. e4 c5 2. c3 d5 3. exd5 Qxd5 4. d4 Nf6 5. Nf3 Bg4 6. Be2 Nbd7 7. c4 Qh5 8. h3 Bxf3 9. Bxf3 Qg6 10. Nc3 cxd4 11. Nb5 Rc8 12. Qxd4 e5 13. Nd6+ Bxd6 14. Qxd6 e4 15. Be2 Qxg2 16. Rf1 Rc6 17. Qb4 Rb6 18. Qa3 a6 19. Be3 Rc6 20. O-O-O Qxh3 21. Kb1 Qe6 22. Rg1 g6 23. Rg5 h6 24. Rgd5 Qe7 25. Qc3 O-O 26. Bxh6 Rd8 27. Rg5 b5 28. Rdg1 Kh7 29. Rh1 bxc4 30. Bf8+ Kg8 31. Bxe7 Re8 32. Bxf6 Nxf6 33. Rh6 Kg7 34. Rh1 Rd6 35. Bxc4 Rc8 36. Qb3 e3 37. fxe3 Ne4 38. Rg2 Rd2 39. Rhg1 Rcd8 40. Bxf7 Rxg2 41. Rxg2 Nd2+ 42. Rxd2 Rxd2 43. Bc4 Rf2 44. Qb7+ Kh6 45. Qxa6 Rf6 46. Qxf6 1-0

[Event "November 21 Early 2023"]
[Site "https://www.chess.com"]
[Date "2023.11.21"]
[Round "5"]
[White "LLariMarc"]
[Black "Rios Escobar, Adan"]
[Result "0-1"]
[Board "183"]
[TimeControl "180+1"]
[BlackFideId "3403645"]
[WhiteElo "2260"]
[BlackElo "2420"]
[BlackTeam "CHI"]
[WhiteClock "0:01:19"]
[BlackClock "0:00:07"]

1. d4 Nf6 2. Nf3 g6 3. c4 Bg7 4. Nc3 d5 5. cxd5 Nxd5 6. e4 Nxc3 7. bxc3 c5 8. Rb1 O-O 9. h4 Nc6 10. d5 Ne5 11. Nxe5 Bxe5 12. Rb3 e6 13. f4 Bc7 14. Bc4 a6 15. a4 b5 16. axb5 axb5 17. Bxb5 exd5 18. Qxd5 Ra1 19. O-O Qxh4 20. Qxc5 Rxc1 21. Qxc7 Rxf1+ 22. Bxf1 Qe1 23. Rb4 Ba6 24. Rc4 Rc8 25. Qxc8+ Bxc8 26. Rxc8+ Kg7 27. f5 Qe3+ 28. Kh1 Qxe4 29. fxg6 hxg6 30. Rc4 Qe1 31. Kg1 g5 32. Rc6 Qe3+ 33. Kh1 Qe1 34. Kg1 f5 35. c4 g4 36. Rc7+ Kf6 37. Rc6+ Kg5 38. Rc8 g3 39. Rg8+ Kf4 40. Rxg3 Kxg3 0-1

[Event "November 21 Early 2023"]
[Site "https://www.chess.com"]
[Date "2023.11.21"]
[Round "5"]
[White "thisjuan"]
[Black "Zoete, Roelant"]
[Result "1-0"]
[Board "184"]
[TimeControl "180+1"]
[BlackFideId "40103269"]
[WhiteElo "2242"]
[BlackElo "2415"]
[BlackTeam "NED"]
[WhiteClock "0:00:15"]
[BlackClock "0:00:03"]

1. c4 e6 2. g3 d5 3. Bg2 Nf6 4. Nf3 Be7 5. O-O c5 6. cxd5 exd5 7. d4 O-O 8. Nc3 b6 9. dxc5 bxc5 10. Bg5 Bb7 11. Qb3 Bc6 12. Rfd1 d4 13. e3 Qc7 14. exd4 cxd4 15. Rxd4 h6 16. Bf4 Qa5 17. Re1 Na6 18. Rxe7 Bxf3 19. Bxf3 Rac8 20. Qa4 Qc5 21. Bd6 Qb6 22. Rb7 Qd8 23. Qxa6 Nd7 24. Bxf8 Qxf8 25. Rdxd7 Rd8 26. Rxf7 Qd6 27. Rxg7+ Kf8 28. Rbf7+ Ke8 29. Re7+ Qxe7 30. Rxe7+ Kxe7 31. Qe2+ Kd7 32. Qd3+ Kc7 33. Qc4+ Kb8 34. Qc6 Rd7 35. Qxd7 a6 36. Qb7# 1-0

[Event "November 21 Early 2023"]
[Site "https://www.chess.com"]
[Date "2023.11.21"]
[Round "5"]
[White "Xie, Bryan"]
[Black "Awoki, Daniel Teidi"]
[Result "0-1"]
[Board "185"]
[TimeControl "180+1"]
[WhiteFideId "30941296"]
[BlackFideId "2100827"]
[WhiteElo "2033"]
[BlackElo "2077"]
[WhiteTeam "USA"]
[BlackTeam "BRA"]
[WhiteClock "0:00:07"]
[BlackClock "0:00:31"]

1. e4 Nf6 2. e5 Nd5 3. d4 d6 4. Nf3 g6 5. c4 Nb6 6. Nc3 Bg7 7. Bf4 O-O 8. Be2 Nc6 9. exd6 cxd6 10. O-O e5 11. dxe5 dxe5 12. Be3 Qxd1 13. Raxd1 h6 14. Bxb6 axb6 15. a3 Be6 16. Nd5 Bxd5 17. cxd5 Nd4 18. Nxd4 exd4 19. Bf3 Rac8 20. Rc1 Rfd8 21. Rxc8 Rxc8 22. d6 Rd8 23. Bxb7 Rxd6 24. b4 d3 25. Rd1 d2 26. a4 Bc3 27. a5 bxa5 28. bxa5 Re6 29. Rf1 Bxa5 30. Bf3 g5 31. g3 Kg7 32. Kg2 Re1 33. Bd1 f5 34. h4 g4 35. Kg1 Kf6 36. Kg2 Ke5 37. Kg1 Kd4 38. Kg2 Kc3 39. f3 h5 40. fxg4 fxg4 41. Ba4 Kb2 42. Kf2 Bb6+ 43. Kg2 Kc1 44. Rf5 Re4 45. Rf1+ Kb2 46. Bd1 Re1 47. Ba4 Re2+ 48. Kh1 Bf2 49. Bd1 Re1 50. Kg2 Rxd1 51. Rxd1 Be1 52. Kf1 Kc2 53. Rxe1 dxe1=Q+ 54. Kxe1 Kd3 55. Kf2 Kd2 56. Kf1 Ke3 57. Kg2 Ke2 58. Kh1 Kf1 59. Kh2 Kf2 60. Kh1 Kxg3 61. Kg1 Kxh4 62. Kh2 g3+ 63. Kg2 Kg4 64. Kg1 Kh3 65. Kh1 g2+ 66. Kg1 h4 67. Kf2 Kh2 0-1

[Event "November 21 Early 2023"]
[Site "https://www.chess.com"]
[Date "2023.11.21"]
[Round "5"]
[White "Tsyhanchuk, Stanislav"]
[Black "pinguino120"]
[Result "0-1"]
[Board "186"]
[TimeControl "180+1"]
[WhiteFideId "13505130"]
[WhiteElo "2173"]
[BlackElo "2232"]
[WhiteTeam "BLR"]
[WhiteClock "0:00:17"]
[BlackClock "0:01:10"]

1. e4 Nf6 2. e5 Nd5 3. c4 Nb6 4. d4 d6 5. f4 g6 6. Nf3 Bg7 7. Nc3 O-O 8. Be3 Be6 9. d5 Bg4 10. h3 Bxf3 11. Qxf3 dxe5 12. f5 c6 13. O-O-O cxd5 14. cxd5 N8d7 15. g4 Rc8 16. g5 e4 17. Qxe4 Bxc3 18. bxc3 Rxc3+ 19. Kb2 Na4+ 20. Qxa4 Rxe3 21. Qd4 Qb6+ 22. Qxb6 Nxb6 23. f6 exf6 24. gxf6 Rf3 25. d6 Rxf6 26. Rh2 Rd8 27. Rhd2 Nc8 28. d7 Nb6 29. Rd4 Re6 30. h4 Re7 31. Bh3 f5 32. Bg2 Rexd7 33. Rxd7 Rxd7 34. Rxd7 Nxd7 35. Bxb7 f4 36. a4 h6 37. a5 g5 38. hxg5 hxg5 39. Kc3 Kg7 40. Kd4 Kf6 41. Ke4 Nc5+ 42. Kf3 Nxb7 43. a6 Nc5 44. Kg4 Nxa6 45. Kh5 f3 46. Kg4 f2 47. Kh5 f1=Q 48. Kg4 Qf4+ 49. Kh5 Qh4# 0-1

[Event "November 21 Early 2023"]
[Site "https://www.chess.com"]
[Date "2023.11.21"]
[Round "5"]
[White "Jimenez Fernandez, Rebeca"]
[Black "ChessLebaneseSalah"]
[Result "1-0"]
[Board "187"]
[TimeControl "180+1"]
[WhiteFideId "32070934"]
[WhiteElo "2015"]
[BlackElo "2403"]
[WhiteTeam "ESP"]
[WhiteClock "0:00:33"]
[BlackClock "0:00:03"]

1. e4 c5 2. Nc3 Nc6 3. g3 g6 4. Bg2 Bg7 5. d3 e6 6. Be3 d6 7. Qd2 Rb8 8. Nge2 Nd4 9. Nc1 Ne7 10. Nd1 b5 11. c3 Ndc6 12. Bh6 O-O 13. h4 Kh8 14. h5 Ng8 15. Bxg7+ Kxg7 16. hxg6 fxg6 17. Ne2 e5 18. Ne3 Nce7 19. f4 exf4 20. gxf4 d5 21. e5 d4 22. cxd4 cxd4 23. Nc2 Nf5 24. O-O-O Be6 25. Kb1 Rc8 26. Be4 Qb6 27. Bxf5 Bxf5 28. Nexd4 Ne7 29. Qh2 h5 30. Qg1 Rfd8 31. Nxf5+ Nxf5 32. Qxb6 axb6 33. d4 Rc4 34. b3 Rcc8 35. d5 Kf7 36. d6 Ke6 37. Nd4+ Nxd4 38. Rxd4 Rc5 39. Rg1 Kf5 40. Rg5+ Ke6 41. Rxg6+ Kd7 42. e6+ Kc6 43. e7 Re8 44. d7+ 1-0

[Event "November 21 Early 2023"]
[Site "https://www.chess.com"]
[Date "2023.11.21"]
[Round "5"]
[White "Kuchava, Ana"]
[Black "Szyszylo, Rafal"]
[Result "1/2-1/2"]
[Board "188"]
[TimeControl "180+1"]
[WhiteFideId "13605348"]
[BlackFideId "1109626"]
[WhiteElo "1950"]
[BlackElo "1951"]
[WhiteTeam "GEO"]
[BlackTeam "POL"]
[WhiteClock "0:00:06"]
[BlackClock "0:00:03"]

1. d4 d6 2. Nf3 Nf6 3. c4 g6 4. Nc3 Bg7 5. e4 O-O 6. Be2 Na6 7. O-O e5 8. Re1 Bg4 9. h3 Bxf3 10. Bxf3 Nd7 11. d5 f5 12. a3 Nac5 13. b4 Nxe4 14. Bxe4 fxe4 15. Nxe4 h6 16. Be3 Nf6 17. Qd3 Nxe4 18. Qxe4 Qf6 19. c5 Qf5 20. f3 a5 21. Rec1 Rf7 22. cxd6 cxd6 23. Rc4 h5 24. Rac1 axb4 25. axb4 b5 26. Rc7 Ra4 27. Bd2 Bf8 28. R1c6 Qxe4 29. fxe4 Ra1+ 30. Rc1 Rxc7 31. Rxa1 Rc4 32. Ra8 Kf7 33. Ra7+ Kf6 34. h4 g5 35. Bxg5+ Kg6 36. Ra8 Kf7 37. Ra7+ Kg6 38. Ra8 Kf7 39. Rb8 Rxb4 40. Rb7+ Kg6 41. Rb8 Kf7 42. Rb7+ Kg6 43. Rb8 Kf7 1/2-1/2

[Event "November 21 Early 2023"]
[Site "https://www.chess.com"]
[Date "2023.11.21"]
[Round "5"]
[White "EdmundPlayer"]
[Black "Marchesich, Giovanni"]
[Result "0-1"]
[Board "189"]
[TimeControl "180+1"]
[BlackFideId "2824790"]
[WhiteElo "2219"]
[BlackElo "2198"]
[BlackTeam "ITA"]
[WhiteClock "0:00:00"]
[BlackClock "0:01:13"]

1. Nc3 d5 2. d4 Nf6 3. Bg5 Nbd7 4. e3 a6 5. Bd3 b5 6. e4 dxe4 7. Nxe4 Bb7 8. Qe2 e6 9. Nf3 Be7 10. O-O-O O-O 11. Ne5 Nxe4 12. Bxe7 Qxe7 13. Bxe4 Bxe4 14. Qxe4 Nxe5 15. dxe5 Rad8 16. Rxd8 Rxd8 17. Rd1 g6 18. g3 Rxd1+ 19. Kxd1 Qd7+ 20. Ke2 Kg7 21. c3 c5 22. Qf3 Qd5 23. Qxd5 exd5 24. Ke3 f6 25. exf6+ Kxf6 26. b4 d4+ 27. Kd3 dxc3 28. bxc5 b4 29. f4 Ke6 30. g4 Kd5 31. f5 gxf5 0-1

[Event "November 21 Early 2023"]
[Site "https://www.chess.com"]
[Date "2023.11.21"]
[Round "5"]
[White "Goldin, Roman"]
[Black "Chemin, Justo Reinaldo"]
[Result "1-0"]
[Board "190"]
[TimeControl "180+1"]
[WhiteFideId "2803860"]
[BlackFideId "2101580"]
[WhiteElo "2312"]
[BlackElo "1940"]
[WhiteTeam "ISR"]
[BlackTeam "BRA"]
[WhiteClock "0:00:28"]
[BlackClock "0:00:02"]

1. e4 e5 2. Nf3 Nc6 3. Nc3 Nf6 4. g3 Bc5 5. Bg2 d6 6. O-O a6 7. d3 h6 8. Be3 Bxe3 9. fxe3 Bg4 10. Qd2 Qd7 11. Nh4 O-O-O 12. Rf2 Ne7 13. Raf1 Be6 14. b3 Ng4 15. Rxf7 Bxf7 16. Rxf7 Rhg8 17. Nd5 Rde8 18. Bh3 h5 19. Nf5 Nxd5 20. Rxd7 Kxd7 21. exd5 g6 22. Bxg4 hxg4 23. Nh6 Rgf8 24. Nxg4 Rf3 25. Kg2 Ref8 26. Qe2 R3f5 27. h4 c6 28. e4 R5f7 29. c4 c5 30. Qe3 b5 31. Qg5 bxc4 32. bxc4 Rb8 33. Qxg6 Re7 34. Nf6+ Kc7 35. h5 Rb2+ 36. Kh3 Rd2 37. h6 Rxd3 38. h7 Rxh7+ 39. Qxh7+ Kb6 40. Qd7 1-0

[Event "November 21 Early 2023"]
[Site "https://www.chess.com"]
[Date "2023.11.21"]
[Round "5"]
[White "Willy, Stephen"]
[Black "Osmonbekov, Talaibek"]
[Result "0-1"]
[Board "191"]
[TimeControl "180+1"]
[WhiteFideId "30981468"]
[BlackFideId "2017253"]
[WhiteElo "2139"]
[BlackElo "2135"]
[WhiteTeam "USA"]
[BlackTeam "USA"]
[WhiteClock "0:00:35"]
[BlackClock "0:00:38"]

1. e4 c5 2. Nf3 d6 3. Nc3 e5 4. Bc4 Nc6 5. d3 Be7 6. h4 h6 7. Nd2 Nf6 8. Nf1 O-O 9. Ne3 Nd4 10. g4 Nh7 11. g5 Bxg5 12. hxg5 Nxg5 13. Qh5 Be6 14. Ncd5 b5 15. Nf5 Bxf5 16. Bxg5 Qxg5 17. Qxg5 Nf3+ 18. Ke2 Nxg5 19. Bxb5 Bg4+ 20. Ke3 Rab8 21. c4 a6 22. Bxa6 Rxb2 23. Rhe1 f5 24. exf5 Kh7 25. Rg1 Re2# 0-1

[Event "November 21 Early 2023"]
[Site "https://www.chess.com"]
[Date "2023.11.21"]
[Round "5"]
[White "seasidesunset"]
[Black "Kozelov, Roman"]
[Result "0-1"]
[Board "192"]
[TimeControl "180+1"]
[BlackFideId "14133377"]
[WhiteElo "2176"]
[BlackElo "2149"]
[BlackTeam "UKR"]
[WhiteClock "0:00:05"]
[BlackClock "0:00:20"]

1. e4 e6 2. Qe2 b6 3. c4 Ba6 4. Nc3 c5 5. d3 Be7 6. g3 d6 7. Bg2 Bb7 8. Nf3 Nc6 9. O-O Nf6 10. Be3 O-O 11. Nd2 e5 12. f4 Nd4 13. Bxd4 cxd4 14. Nd5 Nxd5 15. cxd5 Rc8 16. Rac1 Qd7 17. h4 Ba6 18. Kh2 Qb5 19. Nc4 Qb4 20. Bh3 Rcd8 21. fxe5 Bxc4 22. Rxc4 Qa5 23. e6 fxe6 24. Bxe6+ Kh8 25. Rc7 Bf6 26. Qg4 b5 27. Rc2 Be5 28. Rcf2 Rxf2+ 29. Rxf2 Qe1 30. Qf3 h6 31. Bg4 b4 32. Bh5 Qe3 33. Qxe3 dxe3 34. Re2 Bd4 35. Bg6 Kg8 36. Rc2 Kf8 37. h5 Ke7 38. Kg2 Kf6 39. Bf5 Kg5 40. Kf3 Kxh5 41. Rc7 g6 42. Bg4+ Kg5 43. Rf7 Bxb2 44. Be6 Bd4 45. Rf4 h5 46. Rf7 a5 47. g4 h4 48. Rh7 Rf8+ 49. Ke2 Rf2+ 50. Ke1 Rxa2 51. Bf7 e2 52. Rg7 Bc3+ 53. Kf2 e1=Q+ 54. Kf3 Rf2# 0-1